 Dungeon Sprint DCSS version 0.29.1-12-g30fa7ad0bf (webtiles) character file.

Game seed: 7577024530078753414

8500000 sanboga the Conqueror (level 25, -8/234 (257) HPs)
             Began as a Green Draconian Monk on Dec 30, 2022.
             Was the Champion of Makhleb.
             Killed from afar by a wretched soul (63 damage)
             ... with a bolt of negative energy
             ... in the Dungeon (Sprint VIII: "Arena of Blood").
             The game lasted 00:02:44 (85 turns).

sanboga the Conqueror (Green Draconian Monk)          Turns: 85, Time: 00:02:44

HP:   -8/234 (257)  AC: 12    Str: 17    XL:     25   Next: 60%
MP:   21/54         EV: 36    Int: 10    God:    Makhleb [******]
Gold: 0             SH:  0    Dex: 23    Spells: 78/78 levels left

rFire   . . .      SeeInvis +   h - +∞ Axe of Woe
rCold   . . .      Faith    .   (shield currently unavailable)
rNeg    . . .      Spirit   .   (body armour unavailable)
rPois   +          Reflect  .   (helmet restricted)
rElec   .          Harm     .   (no cloak)
rCorr   .          Rampage  .   (no gloves)
Will    +....      NoTele   +   (no boots)
Stlth   ++++++++++              (no amulet)
HPRegen 0.49/turn               g - ring of see invisible
MPRegen 0.34/turn               (no ring)

@: drained
A: breathe noxious fumes, AC +12, unfitting armour, stinger 1, poison
resistance, cold-blooded
a: Breathe Noxious Fumes, Renounce Religion, Minor Destruction, Lesser Servant
of Makhleb, Major Destruction, Greater Servant of Makhleb


You were in the Dungeon.
You worshipped Makhleb.
Makhleb was exalted by your worship.
You visited 1 branch

Inventory:

Hand Weapons
 h - the +∞ Axe of Woe (weapon)
   (You found it in the Dungeon)
Jewellery
 g - a ring of see invisible (left hand)
Potions
 a - a potion of ambrosia
 b - a potion of curing
 c - a potion of heal wounds
 d - a potion of haste
 e - 2 potions of magic
 f - a potion of berserk rage


   Skills:
 O Level 27 Fighting
 + Level 21.2(24.5) Short Blades
 + Level 21.1(24.5) Long Blades
 O Level 27 Axes
 + Level 21.1(27) Maces & Flails
 + Level 21.2(27) Polearms
 + Level 21.2(27) Staves
 + Level 19.6 Ranged Weapons
 + Level 19.6 Throwing
 O Level 27 Dodging
 O Level 27 Stealth
 + Level 21.2 Shields
 O Level 27 Unarmed Combat
 O Level 27 Spellcasting
 + Level 21.2 Conjurations
 + Level 19.6 Hexes
 + Level 21.2 Summonings
 + Level 21.2 Necromancy
 + Level 21.2 Translocations
 + Level 21.2 Transmutations
 + Level 21.2 Fire Magic
 + Level 21.2 Ice Magic
 + Level 21.2 Air Magic
 + Level 21.2 Earth Magic
 + Level 24.6 Poison Magic
 O Level 27 Invocations
 + Level 21.2 Evocations


You had 78 spell levels left.
You didn't know any spells.
Your spell library was empty.

Dungeon Overview and Level Annotations

Branches:
Dungeon (1/1)

Altars:
Makhleb


Innate Abilities, Weirdness & Mutations

You can breathe blasts of noxious fumes.
Your lurid green scales are hard. (AC +12)
You cannot fit into any form of body armour.
Your tail ends in a venomous barb.
Your system is resistant to poisons. (rPois)
You are cold-blooded and may be slowed by cold attacks.


Message History

Your base Long Blades skill increases to level 21!
Your base Maces & Flails skill increases to level 21!
Your base Polearms skill increases to level 21!
Your base Staves skill increases to level 21!
Your Ranged Weapons skill increases to level 19!
Your Throwing skill increases to level 19!
Your Shields skill increases to level 21!
Your Conjurations skill increases to level 21!
Your Hexes skill increases to level 19!
Your Summonings skill increases to level 21!
Your Necromancy skill increases to level 21!
Your Translocations skill increases to level 21!
Your Transmutations skill increases to level 21!
Your Fire Magic skill increases to level 21!
Your Ice Magic skill increases to level 21!
Your Air Magic skill increases to level 21!
Your Earth Magic skill increases to level 21!
Your Poison Magic skill increases to level 24!
Your Evocations skill increases to level 21!
A meat beast comes into view.
You hear a shout! x5
The dread throws damnation at you.
The sphere of damnation explodes!
The damnation engulfs you!!
* * * LOW HITPOINT WARNING * * *
You hear a shout! x5
An accursed comes into view.
The meat beast hisses angrily.
Things that are here:
a +9 battleaxe; a +30 ring of slaying; a meat berserker corpse You slash the wretched soul!
You cleave the wretched soul in twain.
You destroy the wretched soul!
Makhleb accepts your kill.
You feel better.
You hear a shout! x3
The meat beast gurgles, "Face thy requiem, thou quaking onion-eyed canker-blossom!"
You hear a shout!
A sculptor of flesh comes into view. It is wielding a +9 great sword.
The wretched soul breathes negative energy at you.
The bolt of negative energy hits you!!!
You feel drained.
You die...

#....§§.#.. .......
..#...).W)#.M........
.............z.V.W...
...............#...# ..
..............#....#...
......§§...2##.....#...
..#........#......#.W..
..........#..O###W...#
.##.#......)...@.W..#..
...............†....2..
#....#.....####))......
........))...#)))....##
.......)))........####
............)..####
################


You could see an accursed, 2 meat beasts, a sculptor of flesh, a dread, a meat
berserker (berserk) and 2 wretched souls.

Vanquished Creatures
  4 hell beasts (D)
  A royal mummy (D)
  A wraith (D)
  6 vampire knights (D)
  12 ogres (D)
  3 two-headed ogres (D)
  4 liches (D)
  A hydra (D)
  A phantom (D)
  36 orcs (D)
  A skeletal warrior (D)
70 creatures vanquished.

Notes
Turn   | Place    | Note
-------+----------+-------------------------------------------
     0 | D        | Found the +∞ Axe of Woe
     0 | D        | sanboga the Draconian Monk began the quest for the Orb.
     0 | D        | Reached XP level 1. HP: 19/19 MP: 1/1
     2 | D        | Noticed a bag of meat
     2 | D        | Noticed a bag of meat
     4 | D        | Became a worshipper of Makhleb the Destroyer
     4 | D        | Reached * piety under Makhleb
     4 | D        | Reached ** piety under Makhleb
     4 | D        | Noticed a bag of meat
     5 | D        | Noticed a bag of meat
     5 | D        | Noticed a bag of meat
     5 | D        | Noticed a bag of meat
     7 | D        | Killed a bag of meat
     8 | D        | Reached skill level 10 in Axes
     8 | D        | Reached skill level 10 in Stealth
     8 | D        | Reached skill level 10 in Unarmed Combat
     8 | D        | Reached XP level 2. HP: 40/40 MP: 1/12
     8 | D        | Reached XP level 3. HP: 47/47 MP: 1/13
     8 | D        | Reached XP level 4. HP: 55/55 MP: 1/15
     8 | D        | Reached XP level 5. HP: 61/61 MP: 1/16
     8 | D        | Reached XP level 6. HP: 68/68 MP: 1/18
     8 | D        | Your scales start taking on a lurid green colour.
     8 | D        | Reached XP level 7. HP: 74/74 MP: 1/19
     8 | D        | Gained mutation: Your system is resistant to poisons.
                  | (rPois) [Green Draconian growth]
     8 | D        | Reached XP level 8. HP: 82/82 MP: 1/21
     8 | D        | Reached XP level 9. HP: 89/89 MP: 1/22
     8 | D        | Reached XP level 10. HP: 96/96 MP: 1/23
     9 | D        | Killed a bag of meat
    10 | D        | Reached skill level 10 in Spellcasting
    10 | D        | Reached XP level 11. HP: 107/107 MP: 1/25
    10 | D        | Noticed a meat berserker
    10 | D        | Killed a bag of meat
    10 | D        | Killed a bag of meat
    10 | D        | Reached *** piety under Makhleb
    10 | D        | Killed a bag of meat
    10 | D        | Noticed a bag of meat
    11 | D        | Reached skill level 15 in Fighting
    11 | D        | Reached skill level 15 in Invocations
    11 | D        | Reached XP level 12. HP: 122/122 MP: 1/29
    11 | D        | Reached XP level 13. HP: 128/128 MP: 1/30
    11 | D        | Killed a bag of meat
    12 | D        | Reached skill level 15 in Unarmed Combat
    12 | D        | Noticed a bag of meat
    13 | D        | Noticed a bag of meat
    13 | D        | Killed a meat berserker
    13 | D        | Reached **** piety under Makhleb
    13 | D        | Noticed a meat berserker
    13 | D        | Noticed a bag of meat
    13 | D        | Noticed a bag of meat
    13 | D        | Noticed a bag of meat
    14 | D        | Reached skill level 15 in Axes
    14 | D        | Gained mutation: Your tail ends in a venomous barb. [Green
                  | Draconian growth]
    14 | D        | Reached XP level 14. HP: 140/140 MP: 2/32
    14 | D        | Noticed a bag of meat
    14 | D        | Noticed a meat berserker
    15 | D        | Noticed a bag of meat
    15 | D        | Killed a bag of meat
    16 | D        | Reached skill level 15 in Dodging
    16 | D        | Reached skill level 15 in Spellcasting
    16 | D        | Noticed a bag of meat
    16 | D        | Noticed a large bag of meat
    16 | D        | Noticed a meat berserker
    16 | D        | Noticed a bag of meat
    16 | D        | Noticed a bag of meat
    17 | D        | Killed a bag of meat
    17 | D        | Killed a bag of meat
    17 | D        | Noticed a bag of meat
    18 | D        | Reached XP level 15. HP: 152/152 MP: 3/34
    18 | D        | Killed a meat berserker
    18 | D        | Reached ***** piety under Makhleb
    19 | D        | Killed a meat berserker
    20 | D        | Reached XP level 16. HP: 121/167 MP: 3/38
    21 | D        | Killed a meat berserker
    21 | D        | Noticed a large bag of meat
    22 | D        | Noticed a destroyer
    22 | D        | Noticed a destroyer
    22 | D        | Noticed a meat berserker
    23 | D        | Noticed a destroyer
    23 | D        | Reached ****** piety under Makhleb
    24 | D        | Reached XP level 17. HP: 182/182 MP: 4/41
    24 | D        | Noticed a large bag of meat
    25 | D        | Noticed a meat berserker
    25 | D        | Noticed a destroyer
    26 | D        | Noticed a destroyer
    26 | D        | Noticed a meat berserker
    28 | D        | Killed a destroyer
    28 | D        | Killed a large bag of meat
    29 | D        | Reached XP level 18. HP: 160/199 MP: 5/44
    33 | D        | Noticed a destroyer
    36 | D        | Killed a meat berserker
    36 | D        | Killed a meat berserker
    37 | D        | Reached skill level 27 in Fighting
    37 | D        | Reached skill level 27 in Invocations
    39 | D        | Killed a meat berserker
    39 | D        | Noticed a destroyer
    40 | D        | Reached XP level 19. HP: 207/207 MP: 8/47
    41 | D        | Reached skill level 27 in Axes
    41 | D        | Reached skill level 27 in Stealth
    41 | D        | Reached skill level 27 in Unarmed Combat
    42 | D        | Reached skill level 27 in Dodging
    42 | D        | Reached skill level 27 in Spellcasting
    42 | D        | Reached skill level 1 in Short Blades
    42 | D        | Reached skill level 1 in Long Blades
    42 | D        | Reached skill level 1 in Maces & Flails
    42 | D        | Reached skill level 1 in Polearms
    42 | D        | Reached skill level 1 in Staves
    42 | D        | Reached skill level 1 in Ranged Weapons
    42 | D        | Reached skill level 1 in Throwing
    42 | D        | Reached skill level 1 in Shields
    42 | D        | Reached skill level 1 in Conjurations
    42 | D        | Reached skill level 1 in Hexes
    42 | D        | Reached skill level 1 in Summonings
    42 | D        | Reached skill level 1 in Necromancy
    42 | D        | Reached skill level 1 in Translocations
    42 | D        | Reached skill level 1 in Transmutations
    42 | D        | Reached skill level 1 in Fire Magic
    42 | D        | Reached skill level 1 in Ice Magic
    42 | D        | Reached skill level 1 in Air Magic
    42 | D        | Reached skill level 1 in Earth Magic
    42 | D        | Reached skill level 1 in Evocations
    42 | D        | Killed a destroyer
    42 | D        | Killed a destroyer
    42 | D        | Killed a destroyer
    43 | D        | Reached XP level 20. HP: 216/216 MP: 9/51
    43 | D        | Noticed a meat berserker
    44 | D        | Noticed an accursed
    44 | D        | Killed a meat berserker
    46 | D        | Killed a large bag of meat
    49 | D        | Killed a destroyer
    49 | D        | Noticed a meat berserker
    49 | D        | Noticed a meat berserker
    50 | D        | Reached skill level 10 in Short Blades
    50 | D        | Reached skill level 10 in Long Blades
    50 | D        | Reached skill level 10 in Maces & Flails
    50 | D        | Reached skill level 10 in Polearms
    50 | D        | Reached skill level 10 in Staves
    50 | D        | Reached skill level 10 in Shields
    50 | D        | Reached skill level 10 in Conjurations
    50 | D        | Reached skill level 10 in Summonings
    50 | D        | Reached skill level 10 in Necromancy
    50 | D        | Reached skill level 10 in Translocations
    50 | D        | Reached skill level 10 in Transmutations
    50 | D        | Reached skill level 10 in Fire Magic
    50 | D        | Reached skill level 10 in Ice Magic
    50 | D        | Reached skill level 10 in Air Magic
    50 | D        | Reached skill level 10 in Earth Magic
    50 | D        | Reached skill level 10 in Evocations
    50 | D        | Reached XP level 21. HP: 178/224 MP: 11/52
    51 | D        | Killed an accursed
    52 | D        | Reached skill level 10 in Ranged Weapons
    52 | D        | Reached skill level 10 in Throwing
    52 | D        | Reached skill level 10 in Hexes
    52 | D        | Noticed a tyrant
    55 | D        | Killed a large bag of meat
    57 | D        | Noticed a tyrant
    60 | D        | Reached skill level 15 in Poison Magic
    60 | D        | Reached XP level 22. HP: 222/233 MP: 14/53
    60 | D        | Killed a destroyer
    61 | D        | Noticed a meat beast
    62 | D        | Noticed a tyrant
    65 | D        | Killed a meat beast
    65 | D        | Killed a tyrant
    66 | D        | Reached skill level 15 in Ranged Weapons
    66 | D        | Reached skill level 15 in Throwing
    66 | D        | Reached skill level 15 in Hexes
    66 | D        | Reached XP level 23. HP: 240/240 MP: 15/54
    66 | D        | Noticed a dread
    66 | D        | Killed a tyrant
    66 | D        | Noticed a meat beast
    67 | D        | Noticed a tyrant
    68 | D        | Killed a tyrant
    69 | D        | Noticed a meat beast
    69 | D        | Noticed a meat beast
    69 | D        | Noticed a meat beast
    70 | D        | Killed a meat beast
    71 | D        | Reached XP level 24. HP: 249/249 MP: 16/54
    71 | D        | Killed a dread
    73 | D        | Killed a meat beast
    75 | D        | Killed a tyrant
    76 | D        | Reached XP level 25. HP: 252/257 MP: 18/54
    78 | D        | Noticed a meat beast
    82 | D        | Noticed a meat beast
    82 | D        | Noticed a dread
    83 | D        | Killed a meat beast
    84 | D        | Noticed a meat beast
    84 | D        | Noticed an accursed
    85 | D        | Killed from afar by a wretched soul

Illustrated notes

Levels and vault maps discovered:
D:        meatsprint

Skill      XL: |  1  2  3  4  5  6  7  8  9 10 11 12 13 14 15 16 17 18 19 20 21 22 23 24 25 |
---------------+----------------------------------------------------------------------------+-----
Fighting       | 11 13 15 17 19 21 24 26 27 | 27.0
Axes           | 10 11 14 15 17 19 22 24 26 27 | 27.0
Dodging        | 9 11 13 14 16 18 20 22 24 27 | 27.0
Stealth        | 10 11 14 16 17 19 22 24 26 27 | 27.0
Unarmed Combat | 10 12 14 16 17 19 22 24 26 27 | 27.0
Spellcasting   | 9 10 13 14 15 18 20 22 24 27 | 27.0
Invocations    | 11 12 15 17 18 21 23 26 27 | 27.0
Short Blades   | 7 10 13 16 18 20 21 | 21.2
Long Blades    | 7 10 13 16 18 20 21 | 21.1
Maces & Flails | 7 10 13 16 18 20 21 | 21.1
Polearms       | 7 10 13 16 18 20 21 | 21.2
Staves         | 7 10 13 16 18 20 21 | 21.2
Ranged Weapons | 6 9 12 15 17 18 19 | 19.6
Throwing       | 6 9 12 15 16 18 19 | 19.6
Shields        | 7 10 13 16 18 20 21 | 21.2
Conjurations   | 7 10 13 16 18 20 21 | 21.2
Hexes          | 6 9 12 15 16 18 19 | 19.6
Summonings     | 7 10 13 16 18 20 21 | 21.2
Necromancy     | 7 10 13 16 18 20 21 | 21.2
Translocations | 7 10 13 16 18 20 21 | 21.2
Transmutations | 7 10 13 16 18 20 21 | 21.2
Fire Magic     | 7 10 13 16 18 20 21 | 21.2
Ice Magic      | 7 10 13 16 18 20 21 | 21.2
Air Magic      | 7 10 13 16 18 20 21 | 21.2
Earth Magic    | 7 10 13 16 18 20 21 | 21.2
Poison Magic   | 8 11 15 19 21 23 24 | 24.6
Evocations     | 7 10 13 16 18 20 21 | 21.2

Action                   |  1- 3 |  4- 6 |  7- 9 | 10-12 | 13-15 | 16-18 | 19-21 | 22-24 | 25-27 || total
-------------------------+-------+-------+-------+-------+-------+-------+-------+-------+-------++-------
Melee: Executioner's axe |     1 |       |       |     2 |     6 |     9 |    12 |    13 |     4 ||    47
  Use: Scroll            |       |       |       |       |       |     1 |       |       |       ||     1
Armor: Skin              |       |       |       |       |       |       |       |       |     1 ||     1
Dodge: Dodged            |       |       |       |       |       |     2 |     2 |     3 |       ||     7
